 Dungeon Crawl Stone Soup version 0.31-a0-662-g684573625c (webtiles) character file.

Game seed: 6396252885866908964

850 AdnanSaban the Cudgeller (level 8, 0/49 HPs)
             Began as a Gargoyle Fighter on Sept 1, 2023.
             Slain by an orc warrior
             ... wielding a +0 glaive
              (11 damage)
             ... on level 5 of the Dungeon.
             The game lasted 00:04:22 (4325 turns).

AdnanSaban the Cudgeller (Gargoyle Fighter)         Turns: 4325, Time: 00:04:22

Health: 0/49       AC: 17    Str: 22    XL:     8   Next: 1%
Magic:  8/8        EV: 16    Int:  9    God:
Gold:   265        SH:  4    Dex:  9    Spells: 7/7 levels left

rFire   . . .        a - +1 whip (elec)
rCold   . . .        c - +0 buckler
rNeg    + . .        v - +5 ring mail "Datzes" {Will+}
rPois   ∞            r - +0 helmet
rElec   +            (no cloak)
rCorr   .            (no gloves)
SInv    .            (no boots)
Will    +....        m - amulet of the acrobat
Stlth   +            j - +5 ring of evasion
HPRegen 0.28/turn    (no ring)
MPRegen 0.11/turn

%: acrobat
@: no status effects
A: sickness immunity, AC +5, negative energy resistance 1, electricity
resistance, torment resistance 1, petrification resistance
a: no special abilities


You were on level 5 of the Dungeon.
You visited 1 branch of the dungeon, and saw 6 of its levels.

You collected 265 gold pieces.

Inventory:

Hand Weapons
 a - a +1 whip of electrocution (weapon)
Missiles
 p - 7 poisoned darts
 u - 7 boomerangs
Armour
 c - a +0 buckler (worn)
 r - a +0 helmet (worn)
 v - the +5 ring mail "Datzes" (worn) {Will+}
   (You found it on level 6 of the Dungeon)

   Will+:     It increases your willpower.
Jewellery
 j - a +5 ring of evasion (left hand)
 m - an amulet of the acrobat (around neck)
Scrolls
 e - a scroll of teleportation {unknown}
 f - 2 scrolls of blinking {unknown}
 g - a scroll of brand weapon {unknown}
 h - 5 scrolls of identify {unknown}
 i - a scroll of butterflies {unknown}
 k - a scroll of poison {unknown}
 l - 3 scrolls of immolation {unknown}
 o - a scroll of revelation {unknown}
 s - a scroll of fog {unknown}
 t - a scroll of noise {unknown}
Potions
 d - 2 potions of might
 n - 3 potions of curing {unknown}
 q - a potion of invisibility {unknown}


   Skills:
 + Level 5.0 Fighting
 + Level 5.5 Maces & Flails
 + Level 5.0 Armour
 + Level 2.4 Dodging
 + Level 1.4 Stealth
 + Level 4.8 Shields


You had 7 spell levels left.
You didn't know any spells.
Your spell library contained the following spells:

 Spells                   Type           Power      Damage    Failure   Level
 Kiss of Death            Conj/Necr      0%         2d5       58%         1
 Slow                     Hex            0%         N/A       58%         1
 Wereblood                Tmut           0%         N/A       75%         2
 Confusing Touch          Hex            0%         N/A       92%         3
 Hailstorm                Conj/Ice       0%         3d3       92%         3
 Ignite Poison            Fire/Tmut/Pois 0%         N/A       92%         3
 Vampiric Draining        Necr           0%         2d6       92%         3
 Dispel Undead            Necr           0%         3d6       100%        4
 Passage of Golubria      Tloc           0%         N/A       100%        4
 Sticky Flame             Conj/Fire      0%         2d3       100%        4
 Summon Ice Beast         Ice/Summ       0%         N/A       100%        4
 Silence                  Hex/Air        0%         N/A       100%        5
 Simulacrum               Ice/Necr       0%         N/A       100%        6
 Summon Hydra             Summ           0%         N/A       100%        7
 Ignition                 Fire           0%         3d3       100%        8
 Lehudib's Crystal Spear  Conj/Erth      0%         10d2      100%        8
 Sublimation of Blood     Necr           Unusable   N/A       N/A         2

Dungeon Overview and Level Annotations

Branches:
Dungeon (6/15)
 Temple: D:4-7

Altars:
Vehumet

Shops:
D:4 *   D:5 [


Innate Abilities, Weirdness & Mutations

You are immune to sickness and miasma.
Your stone body is resilient. (AC +5)
You are immune to poison.
You resist negative energy. (rN+)
You are resistant to electric shocks. (rElec)
You are resistant to unholy torment.
You are immune to petrification.


Message History

The orc wizard hits you but does no damage.
The orc warrior hits you with a +0 glaive!
You closely miss the orc wizard.
The orc wizard hits you but does no damage.
The orc warrior hits you but does no damage.
You hit the orc wizard.
The orc wizard is moderately wounded.
You block the orc wizard's attack.
You hit the orc wizard.
The orc wizard is heavily wounded.
The orc warrior hits you but does no damage.
You hit the orc wizard.
Lightning courses through the orc wizard!
You kill the orc wizard!
The orc warrior hits you but does no damage.
You have reached level 8!
You feel clever.
You hit the orc warrior.
The orc warrior is lightly wounded.
The orc warrior closely misses you.
You barely miss the orc warrior.
The orc warrior is lightly wounded.
The orc warrior misses you.
You hit the orc warrior but do no damage.
The orc warrior is lightly wounded.
The orc warrior hits you with a +0 glaive!
You hit the orc warrior but do no damage.
Lightning courses through the orc warrior!!
The orc warrior is severely wounded.
The orc warrior hits you with a +0 glaive!
* * * LOW HITPOINT WARNING * * *
You hit the orc warrior.
The orc warrior is almost dead.
You closely miss the orc warrior.
The orc warrior is almost dead.
The orc warrior misses you.
You barely miss the orc warrior.
The orc warrior is almost dead.
The orc warrior hits you with a +0 glaive!
You die...

.#.................#..## ##....#.
...#........##..##.....# #.#....
...........####........######...#
...###.....###...##.....##....###
................###........#..#..
......#<#......## #.###....#.....
.....####.....#####.##......#....
..#..# ##.######o..##....#....#.
....## #..#.#.#@)...#....##...##
....# ##.....)..#.......#......
....#####..#..########...##..###.
...........#.## ####....##..##..
.##..##....#..####.#........###..
..#......##..###........#.####...
.##...........)....####...###....
.........##.#.....## ###.....#..
........#####...#.#####........##


You could see an orc warrior.

Vanquished Creatures
  Menkaure (D:4)
  Edmund (D:4)
  A scorpion (D:5)
  A howler monkey (D:4)
  5 hounds
  2 orc priests
  2 iguanas (D:5)
  2 orc wizards
  Robin (D:4)
  9 adders
  A shadow imp (D:5)
  A worm (D:4)
  2 dart slugs
  12 orcs
  6 ball pythons
  4 endoplasms
  A giant cockroach (D:3)
  17 goblins
  9 hobgoblins
  4 jackals (D:2)
  7 kobolds
  6 quokkas
  3 bats (D:3)
  4 frilled lizards
  3 rats
105 creatures vanquished.

Notes
Turn   | Place    | Note
-------+----------+-------------------------------------------
     0 | D:1      | AdnanSaban the Gargoyle Fighter began the quest for the
                  | Orb.
     0 | D:1      | Reached XP level 1. HP: 14/14 MP: 1/1
   340 | D:1      | You fall into a shaft and drop 1 floor!
   348 | D:2      | Reached XP level 2. HP: 13/19 MP: 2/2
   992 | D:2      | Reached XP level 3. HP: 12/23 MP: 3/3
  1327 | D:2      | Found a faded altar of an unknown god.
  1396 | D:2      | Reached XP level 4. HP: 29/29 MP: 4/4
  2229 | D:3      | Found a radiant altar of Vehumet.
  2640 | D:4      | Noticed Menkaure
  2672 | D:4      | Reached XP level 5. HP: 32/33 MP: 5/5
  2812 | D:4      | Reached skill level 1 in Dodging
  2851 | D:4      | Killed Menkaure
  2852 | D:4      | Reached XP level 6. HP: 39/39 MP: 6/6
  3012 | D:4      | Noticed Robin
  3021 | D:4      | Killed Robin
  3074 | D:4      | Noticed Edmund
  3092 | D:4      | Killed Edmund
  3093 | D:4      | Reached XP level 7. HP: 38/44 MP: 7/7
  3152 | D:4      | Found Feesm's Fabulous Fripperies.
  3393 | D:5      | Entered Level 5 of the Dungeon
  3409 | D:5      | Reached skill level 1 in Stealth
  3454 | D:5      | Found Owous's Antique Armour Shoppe.
  3787 | D:5      | Reached skill level 5 in Maces & Flails
  4085 | D:6      | Reached skill level 5 in Fighting
  4085 | D:6      | Reached skill level 5 in Armour
  4277 | D:6      | Identified the +5 ring mail "Datzes" {Will+}
  4319 | D:5      | Reached XP level 8. HP: 24/49 MP: 8/8
  4325 | D:5      | Slain by an orc warrior

Illustrated notes

Levels and vault maps discovered:
D:1:      dpeg_arrival_rhombi, layout_basic, minmay_misc_feat_alley
D:2:      kennysheep_the_goblin_king, layout_basic, basic_ecumenical_altar
D:3:      layout_basic, lemuel_round_altar
D:4:      layout_loops_ring, nicolae_alphabet_shops, uniq_robin, uniq_menkaure,
          uniq_edmund
D:5:      layout_cave_pools, serial_shops, nicolae_shop_rolling_square
D:6:      layout_loops_ring, minmay_temple_entry_poolview, guppyfry_shop_venom

Skill      XL: |  1  2  3  4  5  6  7 |
---------------+----------------------+-----
Maces & Flails | 3 4 5 |  5.5
Fighting       | 4 5 |  5.0
Armour         | 4 5 |  5.0
Shields        | 4 |  4.8
Dodging        | 1 2 |  2.4
Stealth        | 1 |  1.4

Action                     |  1- 3 |  4- 6 |  7- 9 || total
---------------------------+-------+-------+-------++-------
  Melee: Flail             |   110 |    18 |       ||   128
         Whip              |       |   140 |   166 ||   306
 Armour: Scale mail        |   108 |    67 |    62 ||   237
         Ring mail         |       |       |    15 ||    15
  Dodge: Dodged            |    81 |   104 |   116 ||   301
  Block: Buckler           |    34 |    31 |    33 ||    98

Table legend: (Time is in decaauts)
 A = Elapsed time spent in this place.
 B = Non-inter-level travel time spent in this place.
 C = Inter-level travel time spent in this place.
 D = Time resting spent in this place.
 E = Time spent auto-exploring this place.
 F = Levels seen in this place.
 G = Mean time per level.
                   A        B        C        D        E       F      G
               +--------+--------+--------+--------+--------+-----+--------+
         Total |   4336 |   4193 |    143 |    108 |   3328 |   6 |  722.7 |
       Dungeon |   4336 |   4193 |    143 |    108 |   3328 |   6 |  722.7 |
               +--------+--------+--------+--------+--------+-----+--------+

Top non-repeatable levels by time:
     D:3: 1019 daAuts
     D:2: 851 daAuts
     D:1: 828 daAuts
     D:5: 793 daAuts
     D:4: 722 daAuts
     D:6: 120 daAuts
